 Dungeon Crawl Stone Soup version 0.30.1-11-g7821555f0a (webtiles) character file.

Game seed: 4588515184658330998

157 KittyFluff the Trooper (level 5, -3/33 HPs)
             Began as a Gargoyle Berserker on Nov 8, 2023.
             Was a Believer of Trog.
             Slain by a black bear (5 damage)
             ... on level 3 of the Dungeon.
             The game lasted 00:11:35 (2774 turns).

KittyFluff the Trooper (Gargoyle Berserker)         Turns: 2774, Time: 00:11:37

Health: -3/33      AC:  8    Str: 23    XL:     5   Next: 38%
Magic:  5/5        EV: 11    Int:  7    God:    Trog [**....]
Gold:   146        SH:  0    Dex:  9    Spells: 4/4 levels left

rFire   . . .        a - +0 mace
rCold   . . .        (no shield)
rNeg    + + .        n - +0 leather armour
rPois   ∞            (no helmet)
rElec   +            f - +0 cloak
rCorr   .            (no gloves)
SInv    .            (no boots)
Will    .....        (no amulet)
Stlth   +            e - ring of positive energy
HPRegen 0.25/turn    (no ring)
MPRegen 0.09/turn

%: no passive effects
@: no status effects
A: sickness immunity, AC +4, negative energy resistance 1, electricity
resistance, torment resistance 1, petrification resistance
a: Renounce Religion, Berserk, Trog's Hand


You were on level 3 of the Dungeon.
You worshipped Trog.
Trog was pleased with you.
You visited 1 branch of the dungeon, and saw 3 of its levels.

You collected 146 gold pieces.

Inventory:

Hand Weapons
 a - a +0 mace (weapon)
Armour
 f - a +0 cloak (worn)
 n - a +0 leather armour (worn)
Jewellery
 e - a ring of positive energy (left hand)
Wands
 s - a wand of iceblast (9)
Scrolls
 b - 2 scrolls of enchant armour {unknown}
 c - a scroll of brand weapon {unknown}
 g - a scroll of fear {unknown}
 i - a scroll of magic mapping
 j - 2 scrolls of poison {unknown}
 k - 3 scrolls of teleportation
 o - a scroll of blinking {unknown}
Potions
 d - a potion of lignification
 h - 2 potions of mutation
 l - 3 potions of curing
 m - a potion of haste
 p - a potion of attraction {unknown}
 q - a potion of flight {unknown}
 r - a potion of ambrosia {unknown}


   Skills:
 + Level 3.9 Fighting
 * Level 3.9 Maces & Flails
 * Level 3.8 Armour
 + Level 2.2 Dodging
 + Level 1.7 Stealth


You had 4 spell levels left.
You didn't know any spells.
Your spell library was empty.

Dungeon Overview and Level Annotations

Branches:
Dungeon (3/15)

Altars:
Nemelex Xobeh
Trog

Shops:
D:3 *

Annotations:
D:3 Ijyb


Innate Abilities, Weirdness & Mutations

You are immune to sickness and miasma.
Your stone body is resilient. (AC +4)
You are immune to poison.
You resist negative energy. (rN+)
You are resistant to electric shocks. (rElec)
You are resistant to unholy torment.
You are immune to petrification.


Message History

The black bear barely misses you.
The black bear claws you but does no damage. x2
The black bear bites you but does no damage.
The black bear claws you but does no damage. x2
You sock the black bear!
The black bear is heavily wounded.
The black bear bites you.
The black bear claws you but does no damage. x2
You hit the black bear.
The black bear is heavily wounded.
The black bear barely misses you. The black bear closely misses you.
The black bear claws you.
You barely miss the black bear.
The black bear is heavily wounded.
The black bear closely misses you. The black bear barely misses you.
The black bear claws you but does no damage.
You barely miss the black bear.
The black bear is heavily wounded.
The black bear bites you. The black bear claws you.
The black bear claws you but does no damage.
You hit the black bear.
The black bear is severely wounded.
The black bear bites you. The black bear claws you. The black bear misses you.
The black bear bites you but does no damage.
The black bear barely misses you.
The black bear claws you but does no damage.
You barely miss the black bear.
The black bear is severely wounded.
The black bear bites you. The black bear claws you.
The black bear closely misses you.
You hit the black bear.
The black bear is almost dead.
The black bear goes berserk!
You barely miss the black bear.
The black bear is almost dead.
The black bear bites you!
* * * LOW HITPOINT WARNING * * *
The black bear barely misses you. x2; The black bear misses you.
The black bear closely misses you. The black bear claws you.
You die...

####.#### # #....#
.# ####.### .#
#...##
.########..##
......####..#
.####..####.####
..
##.........####.##
.
######.##..@h...#
. #.........## #.
######...#####..#
#.##.......## .#
#..........# #.#
#......<.# #.
######.....).# #.
....<........#
###.########
.....†######.#
#.!........#


You could see a black bear (berserk).

Vanquished Creatures
  Natasha (D:3)
  5 adders
  3 worms (D:2)
  3 dart slugs
  2 orcs (D:3)
  2 bats
  6 endoplasms
  4 giant cockroaches
  8 goblins
  5 hobgoblins
  4 jackals
  8 kobolds
  2 quokkas
  5 ball pythons
  2 frilled lizards
  6 rats
66 creatures vanquished.

Notes
Turn   | Place    | Note
-------+----------+-------------------------------------------
     0 | D:1      | KittyFluff the Gargoyle Berserker began the quest for the
                  | Orb.
     0 | D:1      | Reached XP level 1. HP: 14/14 MP: 1/1
    64 | D:1      | Found a faded altar of an unknown god.
   160 | D:1      | Reached XP level 2. HP: 18/19 MP: 2/2
   916 | D:1      | Reached XP level 3. HP: 20/23 MP: 3/3
  1576 | D:2      | Reached skill level 1 in Stealth
  1610 | D:2      | Reached ** piety under Trog
  1814 | D:2      | Reached XP level 4. HP: 28/28 MP: 4/4
  2148 | D:3      | Noticed Ijyb
  2282 | D:3      | Found a sparkling altar of Nemelex Xobeh.
  2306 | D:3      | Noticed Natasha
  2316 | D:3      | Killed Natasha
  2317 | D:3      | Reached XP level 5. HP: 13/33 MP: 5/5
  2434 | D:3      | Found Ubran's General Store.
  2590 | D:3      | Found a bloodstained altar of Trog.
  2762 | D:3      | Noticed a black bear
  2774 | D:3      | Slain by a black bear

Illustrated notes

Levels and vault maps discovered:
D:1:      mrwooster_arrival_arrow, layout_basic,
          shapermc_ecumenical_altar_ellora
D:2:      layout_rooms
D:3:      layout_rooms, amcnicky_altar_gilded, nemelex_dance_club_becter,
          serial_shops, nicolae_shop_crystal, uniq_ijyb, uniq_natasha

Skill      XL: |  1  2  3 |
---------------+----------+-----
Armour         | 3 |  3.8
Stealth        | 1 |  1.7
Dodging        | 2 |  2.2
Fighting       | |  3.9
Maces & Flails | |  3.9

Action                     |  1- 3 |  4- 6 || total
---------------------------+-------+-------++-------
  Melee: Mace              |   129 |   117 ||   246
         Punch             |     1 |       ||     1
 Invoke: Berserk           |     1 |     1 ||     2
    Use: Scroll            |     4 |     3 ||     7
 Armour: Animal skin       |    44 |     2 ||    46
         Leather armour    |       |    79 ||    79
  Dodge: Dodged            |    81 |   110 ||   191
